 Dungeon Crawl Stone Soup version 0.30.0-5-g1a98f26d00 (webtiles) character file.

Game seed: 3151485857581228534

658 NotPositiveXP the Chopper (level 7, 0/52 HPs)
             Began as a Hill Orc Reaver on May 10, 2023.
             Was an Initiate of Beogh.
             Slain by Edmund
             ... wielding a +1 flail of protection
              (10 damage)
             ... on level 5 of the Dungeon.
             The game lasted 00:33:05 (3855 turns).

NotPositiveXP the Chopper (Hill Orc Reaver)         Turns: 3855, Time: 00:33:05

Health: 0/52       AC:  8    Str: 16    XL:     7   Next: 55%
Magic:  9/9        EV: 11    Int: 17    God:    Beogh [......]
Gold:   251        SH:  0    Dex:  8    Spells: 6/9 levels left

rFire   . . .        a - +0 hand axe
rCold   + . .        (no shield)
rNeg    . . .        c - +1 ring mail
rPois   .            (no helmet)
rElec   .            g - scarf {shadows}
rCorr   +            (no gloves)
SInv    .            m - +0 pair of boots
Will    +....        h - amulet of regeneration Stlth
                     p - ring of protection from cold
HPRegen 1.08/turn    t - ring of resist corrosion
MPRegen 0.11/turn

%: no passive effects
@: no status effects
A: clever 1, frail 1, strong-willed 1, subdued magic 1
a: Renounce Religion


You were on level 5 of the Dungeon.
You worshipped Beogh.
Beogh was noncommittal.
You visited 1 branch of the dungeon, and saw 5 of its levels.

You collected 251 gold pieces.

Inventory:

Hand Weapons
 a - a +0 hand axe (weapon)
Armour
 b - a +0 leather armour
 c - a +1 ring mail (worn)
 g - a scarf of shadows (worn)
 m - a +0 pair of boots (worn)
 q - a +0 cloak
Jewellery
 h - an amulet of regeneration (around neck)
 p - a ring of protection from cold (left hand)
 t - a ring of resist corrosion (right hand)
Scrolls
 d - a scroll of teleportation
 i - 4 scrolls of amnesia
 j - a scroll of magic mapping
 k - a scroll of summoning {unknown}
 l - 2 scrolls of identify
 r - a scroll of blinking
Potions
 n - 2 potions of haste
 s - a potion of heal wounds {unknown}


   Skills:
 + Level 3.8 Fighting
 + Level 7.9 Axes
 + Level 4.0 Armour
 + Level 2.9 Dodging
 + Level 0.3 Stealth
 + Level 1.7 Spellcasting
 + Level 3.4 Conjurations


You had 6 spell levels left.
You knew the following spells:

 Your Spells              Type           Power      Damage    Failure   Level
a - Momentum Strike       Conj/Tloc      10%        3d8       22%         2
b - Kiss of Death         Conj/Necr      20%        2d7       16%         1

Your spell library contained the following spells:

 Spells                   Type           Power      Damage    Failure   Level
 Slow                     Hex            4%         N/A       30%         1
 Cigotuvi's Dreadful Rot  Necr/Pois/Air  2%         N/A       43%         2
 Hailstorm                Conj/Ice       5%         3d4       43%         3
 Confusing Touch          Hex            1%         N/A       67%         3
 Spider Form              Tmut/Pois      1%         N/A       67%         3
 Vampiric Draining        Necr           1%         2d6       67%         3
 Ice Form                 Ice/Tmut       1%         N/A       97%         4
 Necromutation            Tmut/Necr      0%         N/A       100%        8


Dungeon Overview and Level Annotations

Branches:
Dungeon (5/15)             Temple (0/1) D:5

Altars:

Annotations:
D:5 Edmund


Innate Abilities, Weirdness & Mutations

Your mind is acute. (Int +4, Str/Dex -1)
You are frail. (-10% HP)
You are strong-willed. (Will+)
Your spells are a little easier to cast, but a little less powerful.


Message History

You hit Edmund but do no damage.
Edmund is heavily wounded.
Edmund barely misses you.
You hit Edmund but do no damage.
Edmund is heavily wounded.
Edmund hits you with a +1 flail of protection.
You hit Edmund but do no damage.
Edmund is heavily wounded.
You hit Edmund.
Edmund is heavily wounded.
Edmund closely misses you.
You hit Edmund.
Edmund is severely wounded.
Edmund hits you with a +1 flail of protection.
You barely miss Edmund.
Edmund is severely wounded.
Edmund closely misses you.
You barely miss Edmund.
Edmund is severely wounded.
Edmund hits you with a +1 flail of protection.
* * * LOW HITPOINT WARNING * * *
You barely miss Edmund. You punch Edmund, but do no damage.
Edmund is severely wounded.
Edmund closely misses you.
You hit Edmund.
Edmund is severely wounded.
Edmund says, "People will remember me!
They'll remember me and die!"
Edmund barely misses you.
You hit Edmund but do no damage.
Edmund is severely wounded.
Edmund hits you with a +1 flail of protection.
* * * LOW HITPOINT WARNING * * *
You barely miss Edmund.
Edmund is severely wounded.
Edmund hits you with a +1 flail of protection.
* * * LOW HITPOINT WARNING * * *
You hit Edmund but do no damage.
Edmund is severely wounded.
Edmund hits you with a +1 flail of protection!
You die...

.. ........# # .....)..#
#####+## ........#
#......+ #...######
'....)># ####'##...#
#......# #....#....#
##....##+######...#....#
##....##.....##.@.#....#
.#....#.........@.#....#
.#....'...........'....#
.#....#...........#....#
.#....#...........#....#
#######################


You could see Edmund.

Vanquished Creatures
  Grinder (D:5)
  A wyvern (D:4)
  2 scorpions (D:4)
  An orc priest (D:4)
  2 hounds (D:4)
  4 adders
  A worm (D:4)
  2 dart slugs
  5 orcs
  5 bats
  6 endoplasms
  2 giant cockroaches (D:1)
  4 goblins
  7 hobgoblins
  4 jackals (D:1)
  9 quokkas
  8 ball pythons
  2 frilled lizards
  5 kobolds
  7 rats
78 creatures vanquished.

Notes
Turn   | Place    | Note
-------+----------+-------------------------------------------
     0 | D:1      | NotPositiveXP the Hill Orc Reaver began the quest for the
                  | Orb.
     0 | D:1      | Reached XP level 1. HP: 18/18 MP: 3/3
    99 | D:1      | Got the Incunable of Bloody Metamorphosis
   140 | D:1      | Found a faded altar of an unknown god.
   157 | D:1      | Reached XP level 2. HP: 25/25 MP: 4/4
   324 | D:1      | Reached XP level 3. HP: 7/26 MP: 3/5
  1507 | D:1      | Reached skill level 1 in Armour
  1978 | D:2      | Reached skill level 5 in Axes
  1978 | D:2      | Reached XP level 4. HP: 25/34 MP: 6/6
  2765 | D:3      | Became a worshipper of Beogh the Brigand
  2855 | D:4      | Noticed a scorpion
  2864 | D:4      | Killed a scorpion
  2865 | D:4      | Reached XP level 5. HP: 37/42 MP: 7/7
  2898 | D:4      | Reached skill level 6 in Axes
  2997 | D:4      | Learned a level 2 spell: Momentum Strike
  2999 | D:4      | Learned a level 1 spell: Kiss of Death
  3084 | D:4      | Reached XP level 6. HP: 49/51 MP: 8/8
  3303 | D:4      | Noticed a wyvern
  3322 | D:4      | Killed a wyvern
  3323 | D:4      | Reached skill level 7 in Axes
  3323 | D:4      | Reached XP level 7. HP: 23/57 MP: 9/9
  3369 | D:4      | Gained mutation: You are strong-willed. (Will+) [potion of
                  | mutation]
  3369 | D:4      | Gained mutation: You are frail. (-10% HP) [potion of
                  | mutation]
  3369 | D:4      | Gained mutation: Your spells are a little easier to cast,
                  | but a little less powerful. [potion of mutation]
  3369 | D:4      | Gained mutation: Your mind is acute. (Int +4, Str/Dex -1)
                  | [potion of mutation]
  3713 | D:5      | Entered Level 5 of the Dungeon
  3713 | D:5      | Found a staircase to the Ecumenical Temple.
  3745 | D:5      | Noticed Grinder
  3797 | D:5      | Killed Grinder
  3827 | D:5      | Noticed Edmund
  3855 | D:5      | Slain by Edmund

Illustrated notes

Levels and vault maps discovered:
D:1:      amcnicky_arrival_gap_in_the_tavern_cellar, layout_basic,
          hellmonk_ecumenical_altar_arch_garden
D:2:      layout_loops_ring, grunt_decor_one_mirror
D:3:      layout_loops_ring, grunt_ministairs_7
D:4:      layout_loops_corners, st_stairs_8, eino_small_chamber_without_monster,
          uniq_crazy_yiuf_cottage
D:5:      layout_gridville, minmay_temple_entry_overgrown,
          dreamdust_mushroom_princess, nicolae_figureground_pulse, uniq_grinder,
          uniq_edmund

Skill      XL: |  1  2  3  4  5  6  7 |
---------------+----------------------+-----
Armour         | 1 2 3 4 |  4.0
Axes           | 5 6 7 |  7.9
Dodging        | 2 |  2.9
Fighting       | 3 |  3.8
Stealth        | |  0.3
Spellcasting   | |  1.7
Conjurations   | |  3.4

Action                     |  1- 3 |  4- 6 |  7- 9 || total
---------------------------+-------+-------+-------++-------
  Melee: Hand axe          |   134 |   172 |    66 ||   372
         Punch             |     1 |     2 |     1 ||     4
   Cast: Kiss of Death     |     2 |       |       ||     2
 Invoke: Convert to Beogh  |       |     1 |       ||     1
    Use: Potion            |     2 |       |     1 ||     3
         Scroll            |     1 |     7 |     2 ||    10
 Armour: Ring mail         |    74 |    52 |     9 ||   135
  Dodge: Dodged            |   109 |    86 |    26 ||   221
